 Dungeon Crawl Stone Soup version 0.19.0 (webtiles) character file.

79 Eucla the Shooter (level 4, -2/26 HPs)
             Began as a Deep Elf Hunter on Nov 14, 2016.
             Slain by a sky beast (5 damage)
             ... on level 3 of the Dungeon.
             The game lasted 00:04:07 (2208 turns).

Eucla the Shooter (Deep Elf Hunter)                 Turns: 2208, Time: 00:04:08

Health: -2/26      AC:  6    Str:  9    XL:     4   Next: 17%
Magic:  0/6        EV: 12    Int: 16    God:
Gold:   107        SH:  0    Dex: 16    Spells: 0 memorised, 3 levels left

rFire  . . .     SeeInvis .     a - +1 shortbow
rCold  . . .     Gourm    .     c - +0 leather armour
rNeg   . . .     Faith    .     (shield currently unavailable)
rPois  .         Spirit   +     j - +0 helmet
rElec  .         Reflect  .     (no cloak)
rCorr  .         Harm     .     l - +1 pair of gloves
MR     .....                    (no boots)
Stlth  +.........               o - amulet of guardian spirit
                                (no ring)
                                (no ring)

@: no status effects
A: no striking features
a: no special abilities


You were on level 3 of the Dungeon.
You were not hungry.

You visited 1 branch of the dungeon, and saw 3 of its levels.

You collected 107 gold pieces.

Inventory:

Hand Weapons
 a - a +1 shortbow (weapon)
 b - a +0 short sword
Missiles
 d - 2 arrows (quivered)
Armour
 c - a +0 leather armour (worn)
 j - a +0 helmet (worn)
 l - a +1 pair of gloves (worn)
Jewellery
 o - an amulet of guardian spirit (around neck)
 r - an uncursed amulet of magic regeneration
Scrolls
 e - 2 scrolls of amnesia
 q - a scroll of random uselessness {unknown}
 s - a scroll of fog {unknown}
 t - a scroll of remove curse
Potions
 g - 2 potions of berserk rage {unknown}
 h - a potion of agility {unknown}
 i - a potion of brilliance {unknown}
 k - a potion of cancellation {unknown}
 m - a potion of might {unknown}
 n - a potion of curing {unknown}
Comestibles
 f - 5 bread rations
 p - a meat ration


   Skills:
 + Level 1.9 Fighting
 + Level 6.0 Bows
 + Level 0.4 Armour
 - Level 2.4 Dodging
 - Level 1.2 Stealth


You had 3 spell levels left.
You didn't know any spells.

Dungeon Overview and Level Annotations

Branches:
Dungeon (3/15)

Altars:

Annotations:
D:3 Eucla's ghost, amateur HOTm


Message History

The sky beast flickers out of sight!
Deactivating autopickup; reactivate with Ctrl-A.
Something hits you but does no damage.
Firing (i - inventory):
d - 3 arrows (quivered)
Press: ? - help, Shift-Dir - straight line, f - you
Okay, then.
You enter the shallow water.
Moving in this stuff is going to be slow.
A sky beast appears from thin air!
Reactivating autopickup.
The sky beast barely misses you.
You see here 2 arrows.
Firing (i - inventory):
d - 3 arrows (quivered)
Press: ? - help, Shift-Dir - straight line, f/p - sky beast
Aim: a sky beast (almost dead)
You shoot an arrow. The arrow barely misses the sky beast.
The sky beast flickers out of sight!
Deactivating autopickup; reactivate with Ctrl-A.
Something hits you. Something shocks you.
You die...

### ############## ..
#...§(#.. ..# .#
#(###{#.####.####(####
#≈###@#.##.#(##†.....#
##.#.(.....#(≈..(#(##.#
#........##.#.####.#
#........####.# ..
#.#..##.......#######
#.#.###.#####.......#
#.#.###.#####.#####.#
##<......#.....#####
#.....####.....##..


There were no monsters in sight!

Vanquished Creatures
  3 adders
  An ooze (D:1)
  A worm (D:3)
  A dart slug (D:3)
  2 leopard geckos
  5 bats
  2 giant cockroaches (D:1)
  8 goblins
  4 hobgoblins
  4 kobolds
  A quokka (D:3)
  3 frilled lizards
  5 rats
40 creatures vanquished.

Notes
Turn   | Place    | Note
-------+----------+-------------------------------------------
     0 | D:1      | Eucla the Deep Elf Hunter began the quest for the Orb.
     0 | D:1      | Reached XP level 1. HP: 12/12 MP: 3/3
   134 | D:1      | Reached XP level 2. HP: 16/16 MP: 4/4
   150 | D:1      | Reached skill level 5 in Bows
   677 | D:1      | You fall through a shaft!
  1048 | D:2      | Reached XP level 3. HP: 21/21 MP: 5/5
  1759 | D:3      | Noticed Eucla's ghost (amateur HOTm)
  2073 | D:3      | Reached XP level 4. HP: 26/26 MP: 6/6
  2102 | D:3      | Reached skill level 6 in Bows
  2151 | D:3      | Noticed a sky beast
  2208 | D:3      | Slain by a sky beast

Skill      XL: |  1  2  3  4 |
---------------+-------------+-----
Bows           | 5 6 |  6.0
Fighting       | |  1.9
Armour         | |  0.4
Dodging        | |  2.4
Stealth        | |  1.2

Action                   |  1- 3 |  4- 6 || total
-------------------------+-------+-------++-------
 Fire: Shortbow          |   109 |    27 ||   136
  Use: Scroll            |     3 |       ||     3
  Eat: Fruit             |     2 |       ||     2
       Pizza             |     1 |       ||     1
       Chunk             |     1 |       ||     1
Armor: Leather armour    |     8 |    12 ||    20
Dodge: Dodged            |    15 |    14 ||    29
